Unix xNetHack Version 8.0.0 - last build Jan 14 2024 16:46:22 (be4d3c81716514284228e1a23197c27ddb32b841). Game began 2024-03-09 00:35:55, ended 2024-03-09 22:11:27. Catomat, neutral female human Wizard --- .....|^--.-- -........| ---- |.----...----..| |*| |.<...|...| |%| --........| |.| -----....| o |.| --...| |%| |..-- |@| -..- |o| ... |.| | |.| |.|.| |..o- o |0|.. |%. |.. -. . Catomat the Thaumaturge St:4 Dx:16 Co:14 In:18 Wi:8 Ch:11 Neutral S:2697 Dlvl:7 $:203 HP:0(45) Pw:48(69) AC:10 Xp:6/536 T:3154 Satiated Latest messages: You kill Ulairuka of Aula! You see here a hill orc corpse named Ulairuka of Aula. There is a hill orc corpse named Ulairuka of Aula here; eat it? [ynq] (n) This hill orc corpse tastes delicious! You hear someone incant XOR OTA. The orc-captain picks up a stone crude dagger. You stop eating the hill orc corpse. In what direction? The spell hits the orc-captain! In what direction? The spell hits the orc-captain! You kill the orc-captain! t - a scroll labeled ABRA KA DABRA {5}. There are several more objects here. The orc-captain punches you! The orc-captain punches you! The orc-captain picks up a bone skull cap. The orc-captain picks up a red-eyed shield. The orc-captain picks up a knife. The orc-captain zaps a hexagonal wand! The wand hits Uluruk of Aula! The wand hits you! The orc-captain picks up a stone crude dagger. In what direction? The spell hits Uluruk of Aula! You kill Uluruk of Aula! The orc-captain zaps a wand of striking! The wand hits you! You return to human form! $ - 30 gold pieces {0} (203 in total). There are a few more objects here. The orc-captain zaps a wand of striking! The wand hits you! In what direction? The spell hits the orc-captain! The spell hits the orc-captain! In what direction? The spell misses the orc-captain. The spell hits the orc-captain! The orc-captain zaps a wand of striking! The wand hits you! Wizard, your life force is running out. # Are you sure you want to pray? [yn] (n) You begin praying to Thoth. The orc-captain swings his mithril long sword. The orc-captain hacks you! You die... Do you want your possessions identified? [ynq] (y) Do you want to see your attributes? [ynq] (y) Inventory: Inventory: 89/500 weight (11/52 slots) Coins $ - 203 gold pieces {2} Comestibles g - an uncursed food ration {20} n - an uncursed tin of szechuan newt meat {10} Scrolls t - an uncursed scroll of confuse monster {5} c - 2 uncursed scrolls of enchant armor {10} o - an uncursed scroll of fire {5} i - an uncursed scroll of identify {5} j - an uncursed scroll of teleportation {5} Wands s - a cursed wand of teleportation (0:7) {7} Tools a - a bag of tricks (0:3) {15} w - an uncursed copper magic whistle {3} T - an uncursed towel {2} Catomat the Wizard's attributes: Background: You were a Thaumaturge, a level 6 female human Wizard. You were neutral, on a mission for Thoth who was opposed by Ptah (lawful) and Anhur (chaotic). You were heterosexual. You were in the Gnomish Mines, on level 7. You entered the dungeon 3154 turns ago. It was nighttime. There was a new moon in effect when your adventure ended. You had 536 experience points, 104 more were needed to attain level 7. Your score was 2697 before end-of-game adjustments. Basics: You had 0 out of 45 hit points. You had 48 out of 69 energy points (spell power). Your armor class was 10. Your wallet contained 203 zorkmids. Autopickup was on for '$"?!=/' plus thrown. Final Characteristics: Your strength was 4 (peak:8, limit:18/100). Your dexterity was 16 (limit:18). Your constitution was 14 (limit:18). Your intelligence was 18 (limit:18). Your wisdom was 8 (limit:18). Your charisma was 11 (limit:18). Final Status: You were satiated. You were unencumbered. You were bare handed. You were unskilled in bare handed combat. You were not wearing any armor. Final Attributes: You were piously aligned. You were level-drain resistant. You were telepathic. You were a werejackal. You were harmed by silver. You are dead. Miscellaneous: You never encountered a bones level. Total elapsed playing time was 46 minutes and 35 seconds. Major events: Turn 1: Catomat the neutral female human Wizard entered the dungeon 404: attained the rank of Conjurer (level 3) 1750: entered the Gnomish Mines 2740: attained the rank of Thaumaturge (level 6) 3154: killed by an orc-captain, while praying Vanquished creatures: an orc-captain an ape 2 gnome leaders a gray ooze a straw golem a little dog 2 floating eyes a kitten 6 dwarves a homunculus 3 hill orcs a monkey a dwarf zombie a werejackal an iguana 2 acid blobs a hobbit 3 giant rats a brown mold 2 yellow molds 21 gnomes a gecko 6 jackals 3 foxes 6 goblins 2 grid bugs a bat 3 lichens a kobold zombie 8 newts 85 creatures vanquished. No species were genocided or became extinct. Voluntary challenges: You were illiterate. You never genocided any monsters. You never polymorphed an object. You never touched an artifact. You used no wishes. You never scared an enemy with impunity. You were celibate. You never generated conflict. Achievements: You attained the rank of Conjurer. You entered the Gnomish Mines. You attained the rank of Thaumaturge. Dungeon overview: The Dungeons of Doom: levels 1 to 6 Level 1: Many fountains. Level 2: "lk-box" Level 3: Some fountains. Level 4: A fountain. Stairs down to The Gnomish Mines. Level 5: Many fountains, many trees. Oracle of Delphi. Level 6: The Gnomish Mines: levels 5 to 7 Level 5: Level 6: Level 7: <- You were here. Final resting place for you, killed by an orc-captain, while praying. Game over: __________ / \ / REST \ / IN \ / PEACE \ / \ | Catomat | | 203 Au | | killed by an | | orc-captain | | | | | | 2024 | *| * * * | * _________)/\\_//(\/(/\)/\//\/|_)_______ Goodbye Catomat the Wizard... You died in The Gnomish Mines on dungeon level 7 with 2677 points, and 203 pieces of gold, after 3154 moves. You were level 6 with a maximum of 45 hit points when you died.